 Dungeon Crawl Stone Soup version 0.21.1-1-g345015f (webtiles) character file.

5052 letownia2 the Destroyer (level 10, -1/58 HPs)
             Began as a Gargoyle Venom Mage on Feb 13, 2018.
             Was a Believer of Vehumet.
             Slain by a vampire (9 damage)
             ... on level 10 of the Dungeon.
             The game lasted 00:33:35 (3969 turns).

letownia2 the Destroyer (Gargoyle Venom Mage)       Turns: 3969, Time: 00:33:36

Health: -1/58      AC: 11    Str: 12    XL:     10   Next: 56%
Magic:  5/21       EV: 11    Int: 25    God:    Vehumet [**....]
Gold:   511        SH:  6    Dex: 10    Spells: 4/24 levels left

rFire    . . .     SeeInvis .   a - +2 war axe (venom)
rCold    + . .     Gourm    .   G - +2 buckler
rNeg     + . .     Faith    +   I - +0 leather armour
rPois    ∞         Spirit   .   (no helmet)
rElec    +         Reflect  .   (no cloak)
rCorr    .         Harm     .   (no gloves)
MR       .....                  x - +0 pair of boots
Stlth    ++........             e - amulet of faith
HPRegen  0.19/turn              B - +6 ring of intelligence
MPRegen  0.17/turn              F - ring of protection from cold

@: no status effects
A: negative energy resistance 1, electricity resistance, unbreathing,
petrification resistance, rot immunity, AC +7
a: Renounce Religion


You were on level 10 of the Dungeon.
You worshipped Vehumet.
Vehumet was pleased with you.
You were not hungry.

You visited 2 branches of the dungeon, and saw 12 of its levels.

You collected 511 gold pieces.

Inventory:

Hand Weapons
 a - a +2 war axe of venom (weapon)
 b - a +1 short sword of holy wrath
 c - a +0 blowgun
 z - the +4 Vampire's Tooth {vamp}
   (You found it on level 5 of the Dungeon)

   It inflicts no extra harm, but heals its wielder when it wounds a living foe.
 P - a +0 blowgun
 Q - a +0 dagger of distortion
Missiles
 y - 4 tomahawks (quivered)
 J - 13 poisoned needles
 O - 6 curare-tipped needles
Armour
 x - a +0 pair of boots (worn)
 G - a +2 buckler (worn)
 I - a +0 leather armour (worn)
Jewellery
 d - an uncursed ring of flight
 e - an amulet of faith (around neck)
 v - an uncursed ring of protection from cold
 w - an uncursed amulet of rage
 B - a +6 ring of intelligence (left hand)
 F - a ring of protection from cold (right hand)
Wands
 p - a wand of polymorph (11)
 K - a wand of iceblast (10)
 N - a wand of digging (5)
Scrolls
 f - 4 scrolls of identify {unknown}
 g - a scroll of fog {unknown}
 i - 2 scrolls of teleportation
 j - 4 scrolls of remove curse
 l - a scroll of immolation {unknown}
 s - a scroll of blinking {unknown}
 C - a scroll of enchant armour {unknown}
 L - a scroll of amnesia {unknown}
Potions
 k - 3 potions of brilliance {unknown}
 m - 4 potions of ambrosia {unknown}
 n - a potion of flight {unknown}
 o - a potion of degeneration {unknown}
 q - 2 potions of lignification {unknown}
 u - a potion of might {unknown}
 A - 5 potions of curing {unknown}
 D - a potion of berserk rage {unknown}
 H - a potion of haste
 M - a potion of magic {unknown}
Books
 h - a book of Cantrips

   Spells                             Type                      Level
   a - Confusing Touch                Hexes                        1
   b - Animate Skeleton               Necromancy                   1
   c - Summon Small Mammal            Summoning                    1
   d - Apportation                    Translocation                1
 r - a Young Poisoner's Handbook

   Spells                             Type                      Level
   a - Sting                          Conjuration/Poison           1
   b - Poisonous Vapours              Poison/Air                   2
   c - Mephitic Cloud                 Conjuration/Poison/Air       3
   d - Olgreb's Toxic Radiance        Poison                       4
   e - Venom Bolt                     Conjuration/Poison           5
 t - a book of Conjurations

   Spells                             Type                      Level
   a - Magic Dart                     Conjuration                  1
   b - Searing Ray                    Conjuration                  2
   c - Dazzling Spray                 Conjuration/Hexes            3
   d - Fulminant Prism                Conjuration/Hexes            4
   e - Force Lance                    Conjuration/Translocation    4
   f - Iskenderun's Mystic Blast      Conjuration                  4
Comestibles
 E - 8 rations


   Skills:
 - Level 4.5 Fighting
 - Level 1.5 Dodging
 - Level 2.1 Stealth
 - Level 4.0 Shields
 + Level 7.9 Spellcasting
 + Level 10.9 Conjurations
 - Level 1.4 Hexes
 - Level 2.6 Air Magic
 - Level 4.7 Poison Magic


You had 4 spell levels left.
You knew the following spells:

 Your Spells              Type           Power        Failure   Level  Hunger
d - Iskenderun's Mystic   Conj           ######..     1%          4    ##.....
e - Mephitic Cloud        Conj/Pois/Air  #####...     1%          3    None
l - Searing Ray           Conj           ######       1%          2    None
m - Venom Bolt            Conj/Pois      #####.....   9%          5    #####..
q - Sting                 Conj/Pois      ####         1%          1    None
v - Poisonous Vapours     Pois/Air       ####..       2%          2    None
x - Dazzling Spray        Conj/Hex       #####.       1%          3    None


Dungeon Overview and Level Annotations

Branches:
Dungeon (11/15)            Temple (1/1) D:4
   Lair: D:8-11         Orc: D:9-12

Altars:
Dithmenos
Elyvilon
Fedhas
Gozag
Hepliaklqana
Kikubaaqudgha
Nemelex Xobeh
Okawaru
Qazlal
Ru
Sif Muna
Uskayaw
Vehumet
Xom
Yredelemnul
The Shining One

Annotations:
D:9 exclusion: 4 orange crystal statues


Innate Abilities, Weirdness & Mutations

You are resistant to torment.
Your stone body is resilient. (AC +7)
You are immune to poison.
You resist negative energy. (rN+)
You are resistant to electric shocks. (rElec)
You can survive without breathing.
You are immune to petrification.
You are immune to rotting.


Message History

Aiming: Dazzling Spray
Press: ? - help, Shift-Dir - straight line You hear some strange, mumbled words.
Something tries to affect you, but you resist.
Casting: Dazzling Spray
Confirm with . or Enter, or press ? or * to list all spells.
You don't know that spell.
Casting: Dazzling Spray
Confirm with . or Enter, or press ? or * to list all spells.
Aiming: Iskenderun's Mystic Blast
Press: ? - help, Shift-Dir - straight line The orb of energy hits something.
Something hits you. Something bites you!
Casting: Iskenderun's Mystic Blast
Confirm with . or Enter, or press ? or * to list all spells.
Aiming: Iskenderun's Mystic Blast
Press: ? - help, Shift-Dir - straight line The orb of energy hits something.
Something hits you!
* * * LOW HITPOINT WARNING * * *
Something bites you!
You die...

#.##≈≈≈≈≈≈≈#..#...#.# #. #
####.##≈≈≈≈≈≈≈..(#...#.#######.##
.......≈≈≈≈≈≈≈...................
##.....≈≈≈≈≈≈≈.#'''#.#.#######.#≈
.#.#####≈≈≈≈≈≈##...###.# #.##
.#.# #..≈≈≈≈##≈...≈##.# ##.##
.#'####.##≈≈≈#≈..>..≈#.........≈≈
.....##.###≈##≈..{†.≈#########≈≈≈
.....##.######≈.@.>.≈# .≈≈≈≈
.....##......##≈...≈## ≈≈≈≈≈
.....########.##...## ≈≈≈≈≈
###### #.###### ≈≈≈≈≈
..5.....$.....##...# #≈≈≈≈
################...# ##≈≈≈
.#.................## ##≈≈
.#.##############...############.
.#.###....<#...(....'.##...<..##.


There were no monsters in sight!

Vanquished Creatures
  A two-headed ogre (D:10)
  Sonja (D:11)
  A hornet (D:10)
  A hippogriff (D:7)
  2 wyverns
  A wraith (D:10)
  A hungry ghost (D:6)
  2 water moccasins
  An ice beast (D:7)
  2 orc warriors
  2 sky beasts
  A black bear (D:7)
  A phantom (D:9)
  A necrophage (D:7)
  2 ogres (D:9)
  5 bullfrogs
  6 scorpions
  4 electric eels (D:10)
  2 vampire bats (D:5)
  5 wights (D:4)
  3 howler monkeys (D:8)
  A centaur zombie (D:8)
  A bullfrog zombie (D:8)
  3 crimson imps
  2 jellies
  2 orc priests (D:3)
  2 hounds
  4 orc wizards
  Terence (D:2)
  2 iguanas
  Natasha (D:2)
  3 worker ants
  A hound skeleton (D:4)
  3 gnolls (D:8)
  2 shadow imps
  6 oozes
  An adder zombie (D:8)
  An adder skeleton (D:9)
  2 worms (D:2)
  2 dart slugs
  3 leopard geckos
  12 orcs
  A giant cockroach (D:8)
  6 hobgoblins
  5 jackals
  8 kobolds
  3 quokkas
  A ball python (D:1)
  9 bats
  2 frilled lizards
  4 goblins
  A quokka zombie (D:7)
  8 rats
148 creatures vanquished.

Vanquished Creatures (others)
  A fungus (D:9)
1 creature vanquished.

Grand Total: 149 creatures vanquished

Notes
Turn   | Place    | Note
-------+----------+-------------------------------------------
     0 | D:1      | letownia2 the Gargoyle Venom Mage began the quest for the Orb.
     0 | D:1      | Reached XP level 1. HP: 10/10 MP: 3/3
   119 | D:1      | Reached skill level 2 in Conjurations
   147 | D:1      | Reached XP level 2. HP: 15/15 MP: 1/5
   180 | D:1      | Learned a level 2 spell: Poisonous Vapours
   369 | D:2      | Reached skill level 3 in Conjurations
   477 | D:2      | Reached XP level 3. HP: 19/19 MP: 0/6
   482 | D:2      | Learned a level 3 spell: Mephitic Cloud
   567 | D:2      | Noticed Terence
   736 | D:2      | Killed Terence
   736 | D:2      | Reached XP level 4. HP: 10/24 MP: 0/7
   775 | D:2      | Reached skill level 1 in Fighting
   786 | D:2      | Reached skill level 1 in Air Magic
   882 | D:3      | Reached XP level 5. HP: 26/30 MP: 0/8
   955 | D:3      | Reached skill level 4 in Conjurations
  1033 | D:3      | Learned a level 2 spell: Searing Ray
  1291 | D:2      | Noticed Natasha
  1294 | D:2      | Killed Natasha
  1294 | D:2      | Reached skill level 5 in Conjurations
  1294 | D:2      | Reached XP level 6. HP: 35/35 MP: 2/9
  1447 | D:4      | Found a stormy altar of Qazlal.
  1466 | D:3      | Found a glowing golden altar of the Shining One.
  1466 | D:3      | Found a basalt altar of Yredelemnul.
  1469 | D:3      | Found a deep blue altar of Sif Muna.
  1581 | D:4      | Learned a level 3 spell: Dazzling Spray
  1591 | D:4      | Found a sparkling altar of Nemelex Xobeh.
  1591 | D:4      | Found a blossoming altar of Fedhas.
  1592 | D:4      | Found an opulent altar of Gozag.
  1616 | D:4      | Reached XP level 7. HP: 30/39 MP: 2/12
  1730 | D:4      | Reached skill level 6 in Conjurations
  1730 | D:4      | Reached skill level 1 in Hexes
  1817 | D:4      | Found a staircase to the Ecumenical Temple.
  1824 | Temple   | Entered the Ecumenical Temple
  1866 | Temple   | Became a worshipper of Vehumet
  1916 | D:5      | Entered Level 5 of the Dungeon
  1962 | D:5      | Found the +4 Vampire's Tooth {vamp}
  2022 | D:7      | Found an iron altar of Okawaru.
  2027 | D:7      | Noticed a hungry ghost
  2053 | D:6      | Killed a hungry ghost
  2053 | D:6      | Reached skill level 5 in Spellcasting
  2080 | D:7      | Learned a level 4 spell: Iskenderun's Mystic Blast
  2097 | D:7      | Reached XP level 8. HP: 40/44 MP: 7/16
  2154 | D:7      | Noticed a hippogriff
  2205 | D:7      | Killed a hippogriff
  2299 | D:7      | Reached skill level 7 in Conjurations
  2444 | D:8      | Reached * piety under Vehumet
  2444 | D:8      | Offered knowledge of Freeze by Vehumet.
  2511 | D:8      | Reached skill level 8 in Conjurations
  2511 | D:8      | Reached XP level 9. HP: 9/48 MP: 0/19
  2632 | D:7      | Reached skill level 9 in Conjurations
  2962 | D:9      | Reached skill level 10 in Conjurations
  3035 | D:9      | Found an iron altar of Okawaru.
  3037 | D:9      | Found a shattered altar of Ashenzari.
  3037 | D:9      | Found a hide-covered altar of Uskayaw.
  3040 | D:9      | Found a blossoming altar of Fedhas.
  3040 | D:9      | Found a shimmering altar of Xom.
  3040 | D:9      | Found a hide-covered altar of Uskayaw.
  3075 | D:9      | Found a runed door.
  3083 | D:9      | Found the +10 large shield of Ignorance {rN+ Int-4}
  3083 | D:9      | Noticed an orange crystal statue
  3083 | D:9      | Noticed an orange crystal statue
  3083 | D:9      | Noticed an orange crystal statue
  3083 | D:9      | Noticed an orange crystal statue
  3118 | D:10     | Entered Level 10 of the Dungeon
  3157 | D:10     | Noticed a two-headed ogre
  3178 | D:10     | Killed a two-headed ogre
  3178 | D:10     | Offered knowledge of Shock by Vehumet.
  3225 | D:10     | Reached ** piety under Vehumet
  3225 | D:10     | Reached XP level 10. HP: 32/57 MP: 0/20
  3433 | D:10     | Reached skill level 1 in Shields
  3707 | D:10     | Learned a level 5 spell: Venom Bolt
  3825 | D:11     | Noticed a skeletal warrior
  3825 | D:11     | Noticed a skeletal warrior
  3859 | D:11     | Noticed Sonja
  3898 | D:11     | Killed Sonja
  3921 | D:11     | Offered knowledge of Stone Arrow by Vehumet.
  3969 | D:10     | Slain by a vampire

Skill      XL: |  1  2  3  4  5  6  7  8  9 10 |
---------------+-------------------------------+-----
Conjurations   | 2 3 5 6 8 10 | 10.9
Fighting       | 1 4 |  4.5
Air Magic      | 1 2 |  2.6
Spellcasting   | 3 5 7 |  7.9
Hexes          | 1 |  1.4
Poison Magic   | 4 |  4.7
Shields        | 4 |  4.0
Dodging        | |  1.5
Stealth        | |  2.1

Action                   |  1- 3 |  4- 6 |  7- 9 | 10-12 || total
-------------------------+-------+-------+-------+-------++-------
Melee: Whip              |    35 |     3 |       |       ||    38
       War axe           |       |    32 |    91 |    24 ||   147
       Short sword       |       |     7 |    22 |     1 ||    30
Throw: Throwing net      |       |       |     1 |       ||     1
       Tomahawk          |       |       |     6 |     2 ||     8
 Cast: Sting             |    47 |    32 |    37 |     9 ||   125
       Poisonous Vapours |     2 |     6 |    40 |    18 ||    66
       Mephitic Cloud    |     1 |     3 |     7 |     1 ||    12
       Searing Ray       |       |     5 |    13 |     5 ||    23
       Dazzling Spray    |       |       |     3 |     6 ||     9
       Iskenderun's Myst |       |       |     2 |     7 ||     9
 Abil: Evoke Berserk Rag |       |       |     1 |       ||     1
  Use: Scroll            |       |       |     2 |       ||     2
 Stab: Sleeping          |       |     3 |     4 |       ||     7
       Confused          |       |       |     2 |       ||     2
  Eat: Chunk             |       |     4 |     5 |     3 ||    12
       Ration            |       |       |     1 |       ||     1
Armor: Robe              |    19 |     2 |       |       ||    21
       Leather armour    |       |    28 |   100 |    29 ||   157
Dodge: Dodged            |    48 |    37 |   104 |    22 ||   211
Block: Buckler           |       |       |     9 |     6 ||    15
